 Dungeon Crawl Stone Soup version 0.27.1 (webtiles) character file.

Game seed: 15892684915982530019

259 DearestLeader the Insei (level 6, 0/70 HPs)
             Began as a Gnoll Transmuter on Aug 31, 2021.
             Succumbed to a water moccasin's poison
             ... in a sewer.
             The game lasted 00:08:12 (3724 turns).

DearestLeader the Insei (Gnoll Transmuter)          Turns: 3724, Time: 00:08:13

Health: 0/70       AC: 23    Str: 11    XL:     6   Next: 17%
Magic:  13/13      EV:  2    Int: 12    God:
Gold:   142        SH:  0    Dex: 13    Spells: 12/15 levels left

rFire    . . .     SeeInvis .   i - +3 whip (venom)
rCold    . . .     Faith    .   (no shield)
rNeg     + + +     Spirit   .   (armour currently unavailable)
rPois    +         Reflect  .   (helmet currently unavailable)
rElec    .         Harm     .   (cloak currently unavailable)
rCorr    .         Rampage  .   (gloves currently unavailable)
Will     +....     NoTele   +   (boots currently unavailable)
Stlth    ++........             e - amulet of magic regeneration
HPRegen  0.21/turn              f - ring of willpower
MPRegen  0.38/turn              k - ring of wizardry

@: lethally poisoned (0 -> -13), tree-form
A: stationary, stasis, torment immunity, boosted hp, (fangs 1), strong nose,
distributed training
a: no special abilities


You were in a sewer.
You were a tree.
You visited 1 branch of the dungeon, and saw 4 of its levels.
You also visited: Sewer.

You collected 142 gold pieces.

Inventory:

Hand Weapons
 b - a +0 dagger
 h - a +0 short sword
 i - a +3 whip of venom (weapon)
 l - a +1 short sword of holy wrath
 n - a +0 short sword of venom
Missiles
 p - 6 atropa-tipped darts (quivered)
Armour
 a - a +0 robe
 c - a +0 pair of gloves (melded)
 d - a +2 scale mail of fire resistance (melded)
Jewellery
 e - an amulet of magic regeneration (around neck)
 f - a ring of willpower (left branch)
 k - a ring of wizardry (right branch)
Scrolls
 m - a scroll of holy word {unknown}
 s - a scroll of amnesia
Potions
 j - a potion of invisibility
 o - 2 potions of attraction


   Skills:
 + Level 3.1 Fighting
 + Level 1.8 Short Blades
 + Level 1.8 Long Blades
 + Level 1.8 Axes
 + Level 1.8 Maces & Flails
 + Level 1.8 Polearms
 + Level 1.8 Staves
 + Level 1.8 Slings
 + Level 1.8 Bows
 + Level 1.8 Crossbows
 + Level 1.8 Throwing
 + Level 1.8 Armour
 + Level 4.9 Dodging
 + Level 1.8 Stealth
 + Level 1.8 Shields
 + Level 6.8 Unarmed Combat
 + Level 5.3 Spellcasting
 + Level 1.4 Conjurations
 + Level 1.4 Hexes
 + Level 1.4 Summonings
 + Level 1.4 Necromancy
 + Level 1.4 Translocations
 + Level 4.0 Transmutations
 + Level 1.4 Fire Magic
 + Level 1.4 Ice Magic
 + Level 1.4 Air Magic
 + Level 1.4 Earth Magic
 + Level 1.4 Poison Magic
 + Level 2.0 Invocations
 + Level 1.8 Evocations


You had 12 spell levels left.
You knew the following spells:

 Your Spells              Type           Power      Damage    Failure   Level
a - Beastly Appendage     Tmut           24%        N/A       1%          1
b - Wereblood             Tmut           12%        N/A       2%          2

Your spell library contained the following spells:

 Spells                   Type           Power      Damage    Failure   Level
 Spider Form              Tmut/Pois      4%         N/A       8%          3
 Ice Form                 Ice/Tmut       9%         N/A       24%         4


Dungeon Overview and Level Annotations

Branches:
Dungeon (4/15)              Sewer (1/1)
 Temple: D:4-7

Altars:
Dithmenos
Nemelex Xobeh

Shops:
D:4 (

Annotations:
D:4 Dowan, Duvessa


Innate Abilities, Weirdness & Mutations

You are a tree.
Your roots penetrate the ground, keeping you stationary.
You cannot be teleported.
You are immune to unholy pain and torment.
Your maximum health is greatly increased.
Your equipment is partially melded.
((You have very sharp teeth.))
Your uncanny sense of smell can sniff out nearby items.
Your experience applies equally to all skills.


Message History

You feel sick.
The water moccasin bites you but does no damage.
You hit the water moccasin.
The water moccasin is moderately wounded.
You feel sick. The water moccasin bites you.
You are more poisoned.
The water moccasin poisons you!
Casting: Beastly Appendage (safe; 9% risk of failure)
Confirm with . or Enter, or press ? or * to list all spells.
You grow a pair of large bovine horns.
Your feet morph into talons.
You feel very sick. The water moccasin bites you. The water moccasin bites you!
* * * LOW HITPOINT WARNING * * *
You are more poisoned.
The water moccasin poisons you!
Really quaff the potion of lignification?
Your horns disappear.
Your talons disappear.
You turn into a tree.
Your +0 pair of gloves melds into your body.
Your +2 scale mail of fire resistance melds into your body.
You feel less resistant to fire.
Your roots penetrate the ground.
* * * LOW HITPOINT WARNING * * *
You feel very sick.
The water moccasin bites you but does no damage.
You completely miss the water moccasin.
The water moccasin is moderately wounded.
* * * LOW HITPOINT WARNING * * *
You feel very sick. The water moccasin bites you.
* * * LOW HITPOINT WARNING * * *
The water moccasin bites you but does no damage.
Okay, then.
You closely miss the water moccasin.
The water moccasin is moderately wounded.
* * * LOW HITPOINT WARNING * * *
You feel very sick.
The water moccasin bites you but does no damage.
You hit the water moccasin.
The water moccasin is heavily wounded.
You die...

### .... .....
############.....$
..........♣S.....$
#######.####.....$
#.# ..... #.# ....
#.# ### #.# #.#
##.## ##...##


You could see a water moccasin.

Vanquished Creatures
  A scorpion (D:4)
  An orc priest (D:3)
  An orc wizard (D:3)
  3 adders
  3 worms
  7 dart slugs
  4 orcs (D:3)
  6 ball pythons
  7 endoplasms
  5 giant cockroaches
  7 goblins
  5 hobgoblins
  4 jackals (D:4)
  6 quokkas
  11 bats
  4 frilled lizards
  9 kobolds
  A quokka skeleton (D:4)
  6 rats
91 creatures vanquished.

Notes
Turn   | Place    | Note
-------+----------+-------------------------------------------
     0 | D:1      | DearestLeader the Gnoll Transmuter began the quest for the
                  | Orb.
     0 | D:1      | Reached XP level 1. HP: 17/17 MP: 6/6
   212 | D:1      | Reached XP level 2. HP: 21/23 MP: 7/7
   523 | D:1      | Found a faded altar of an unknown god.
   969 | D:1      | Reached XP level 3. HP: 24/28 MP: 9/9
  1211 | D:1      | Reached skill level 5 in Spellcasting
  1598 | D:2      | Reached skill level 1 in Invocations
  1606 | D:2      | Reached skill level 1 in Short Blades
  1606 | D:2      | Reached skill level 1 in Long Blades
  1606 | D:2      | Reached skill level 1 in Axes
  1606 | D:2      | Reached skill level 1 in Maces & Flails
  1606 | D:2      | Reached skill level 1 in Polearms
  1606 | D:2      | Reached skill level 1 in Staves
  1606 | D:2      | Reached skill level 1 in Slings
  1606 | D:2      | Reached skill level 1 in Bows
  1606 | D:2      | Reached skill level 1 in Crossbows
  1606 | D:2      | Reached skill level 1 in Throwing
  1606 | D:2      | Reached skill level 1 in Armour
  1606 | D:2      | Reached skill level 1 in Stealth
  1606 | D:2      | Reached skill level 1 in Shields
  1606 | D:2      | Reached skill level 1 in Evocations
  1814 | D:2      | Reached XP level 4. HP: 34/34 MP: 11/11
  2501 | D:3      | Found a sparkling altar of Nemelex Xobeh.
  2582 | D:3      | Reached skill level 1 in Conjurations
  2582 | D:3      | Reached skill level 1 in Hexes
  2582 | D:3      | Reached skill level 1 in Summonings
  2582 | D:3      | Reached skill level 1 in Necromancy
  2582 | D:3      | Reached skill level 1 in Translocations
  2582 | D:3      | Reached skill level 1 in Fire Magic
  2582 | D:3      | Reached skill level 1 in Ice Magic
  2582 | D:3      | Reached skill level 1 in Air Magic
  2582 | D:3      | Reached skill level 1 in Earth Magic
  2582 | D:3      | Reached skill level 1 in Poison Magic
  2630 | D:3      | Reached XP level 5. HP: 32/40 MP: 12/12
  2746 | D:3      | Found a shadowy altar of Dithmenos.
  2993 | D:3      | Learned a level 2 spell: Wereblood
  3218 | D:4      | Noticed an ogre
  3219 | D:4      | Found Tupluf's Weapon Emporium.
  3219 | D:4      | Noticed Duvessa
  3219 | D:4      | Noticed Dowan
  3565 | D:4      | Reached XP level 6. HP: 45/47 MP: 13/13
  3641 | D:4      | Found a glowing drain.
  3658 | Sewer    | Entered a sewer
  3708 | Sewer    | Noticed a water moccasin
  3723 | Sewer    | HP: 2/70 [poisoned by a water moccasin]
  3724 | Sewer    | Succumbed to a water moccasin's poison

Illustrated notes

Levels and vault maps discovered:
D:1:      minmay_arrival_plants_in_alcoves, layout_basic,
          ebering_ecumenical_altar_sacrificial
D:2:      layout_basic, minmay_misc_feat_doors, minmay_hexomino_p4
D:3:      layout_rooms, mainiacjoe_overflow_24_doors,
          nemelex_xobeh_ov_fountains_minmay, hangedman_feature_mirror
D:4:      kennysheep_six_static_rooms, layout_basic, xom_butterflies,
          portal_sewer_entry_a, serial_shops, shop, uniq_duvessa
Sewer:    sewer_big_baddie

Skill      XL: |  1  2  3  4  5 |
---------------+----------------+-----
Spellcasting   | 5 |  5.3
Invocations    | 1 2 |  2.0
Short Blades   | 1 |  1.8
Long Blades    | 1 |  1.8
Axes           | 1 |  1.8
Maces & Flails | 1 |  1.8
Polearms       | 1 |  1.8
Staves         | 1 |  1.8
Slings         | 1 |  1.8
Bows           | 1 |  1.8
Crossbows      | 1 |  1.8
Throwing       | 1 |  1.8
Armour         | 1 |  1.8
Stealth        | 1 |  1.8
Shields        | 1 |  1.8
Evocations     | 1 |  1.8
Conjurations   | 1 |  1.4
Hexes          | 1 |  1.4
Summonings     | 1 |  1.4
Necromancy     | 1 |  1.4
Translocations | 1 |  1.4
Fire Magic     | 1 |  1.4
Ice Magic      | 1 |  1.4
Air Magic      | 1 |  1.4
Earth Magic    | 1 |  1.4
Poison Magic   | 1 |  1.4
Fighting       | 3 |  3.1
Transmutations | 4 |  4.0
Dodging        | |  4.9
Unarmed Combat | |  6.8

Action                   |  1- 3 |  4- 6 || total
-------------------------+-------+-------++-------
Melee: Dagger            |    23 |       ||    23
       Unarmed           |     2 |       ||     2
       Bite              |     9 |    15 ||    24
       Kick              |     8 |     2 ||    10
       Punch             |     3 |     5 ||     8
       Headbutt          |     5 |     2 ||     7
       Short sword       |    96 |    47 ||   143
       Whip              |       |   124 ||   124
 Cast: Beastly Appendage |     9 |     2 ||    11
  Use: Scroll            |       |     8 ||     8
       Potion            |       |     1 ||     1
Armor: Scale mail        |    56 |   107 ||   163
       Skin              |       |     3 ||     3
Dodge: Dodged            |    53 |   113 ||   166
